 Dungeon Crawl Stone Soup version 0.28.0 (webtiles) character file.

Game seed: 17618185994834198264

90 Sanktem7 the Slasher (level 4, -1/41 HPs)
             Began as a Minotaur Berserker on Feb 14, 2022.
             Was a Believer of Trog.
             Slain by an iguana (7 damage)
             ... on level 3 of the Dungeon.
             The game lasted 00:02:15 (2734 turns).

Sanktem7 the Slasher (Minotaur Berserker)           Turns: 2734, Time: 00:02:15

Health: -1/41      AC:  2    Str: 23    XL:     4   Next: 32%
Magic:  3/3        EV: 12    Int:  4    God:    Trog [**....]
Gold:   110        SH:  0    Dex: 10    Spells: 3/3 levels left

rFire   . . .      SeeInvis .   a - +0 falchion
rCold   . . .      Faith    .   (no shield)
rNeg    . . .      Spirit   .   b - +0 animal skin
rPois   .          Reflect  .   (helmet restricted)
rElec   .          Harm     .   (no cloak)
rCorr   .          Rampage  .   (no gloves)
Will    .....                   (no boots)
Stlth   +.........              (no amulet)
HPRegen 0.13/turn               (no ring)
MPRegen 0.08/turn               (no ring)

@: no status effects
A: horns 2, retaliatory headbutt
a: Renounce Religion, Berserk, Trog's Hand


You were on level 3 of the Dungeon.
You worshipped Trog.
Trog was pleased with you.
You visited 1 branch of the dungeon, and saw 3 of its levels.

You collected 110 gold pieces.

Inventory:

Hand Weapons
 a - a +0 falchion (weapon)
Armour
 b - a +0 animal skin (worn)
Jewellery
 g - a ring of ice
 j - an amulet of reflection
 l - a ring of resist corrosion
Wands
 m - a wand of digging (3)
Scrolls
 c - a scroll of vulnerability {unknown}
 h - a scroll of immolation {unknown}
 i - a scroll of teleportation {unknown}
Potions
 d - a potion of lignification {unknown}
 e - a potion of flight {unknown}
 f - a potion of attraction {unknown}
 k - a potion of cancellation {unknown}


   Skills:
 * Level 4.7 Fighting
 * Level 5.1 Long Blades
 * Level 3.0 Armour
 - Level 2.1 Dodging


You had 3 spell levels left.
You didn't know any spells.
Your spell library was empty.

Dungeon Overview and Level Annotations

Branches:
Dungeon (3/15)

Altars:
Nemelex Xobeh


Innate Abilities, Weirdness & Mutations

You have a pair of horns on your head.
You reflexively headbutt those who attack you in melee.


Message History

You enter the shallow water.
Moving in this stuff is going to be slow.
Found 22 stones.
You open the door.
There is an open door here.
There is an open door here.
You open the door.
There is an open door here.
An iguana comes into view.
An iguana is nearby!
You closely miss the iguana.
The iguana bites you but does no damage.
You hit the iguana. Your headbutt misses the iguana.
The iguana is lightly wounded.
The iguana bites you! The iguana closely misses you.
You barely miss the iguana.
The iguana is lightly wounded.
The iguana bites you!
You completely miss the iguana. Your headbutt misses the iguana.
The iguana is lightly wounded.
The iguana bites you!
You hit the iguana.
You headbutt the iguana, but do no damage.
The iguana is lightly wounded.
The iguana bites you.
* * * LOW HITPOINT WARNING * * *
You hit the iguana but do no damage.
The iguana is lightly wounded.
The iguana barely misses you.
You barely miss the iguana.
The iguana is lightly wounded.
The iguana bites you.
* * * LOW HITPOINT WARNING * * *
You hit the iguana but do no damage. Your headbutt misses the iguana.
The iguana is lightly wounded.
The iguana misses you.
You hit the iguana.
The iguana is heavily wounded.
The iguana bites you!
You die...

### ## #.# .###.####### ####
†#<......... ....
.###.####### #.. .# #.# #..
.###.# #.# .....####### #l#
####.......#####@######
.......###..............
####.#.################# ###
##............. .. ...
##.#.#..###.### #######.#
#.# ............# #.....#.#
#.#
.....##..##.########.###.#.#
#.#
####................>###.#.#
#.#
####.#.#..#..............#.#
#.#


You could see an iguana.

Vanquished Creatures
  4 adders
  3 worms
  A dart slug (D:2)
  3 orcs (D:3)
  6 bats
  An endoplasm (D:2)
  A giant cockroach (D:3)
  2 goblins
  5 hobgoblins
  2 jackals (D:3)
  A quokka (D:2)
  5 ball pythons
  A frilled lizard (D:2)
  4 kobolds (D:1)
  3 rats (D:1)
42 creatures vanquished.

Notes
Turn   | Place    | Note
-------+----------+-------------------------------------------
     0 | D:1      | Sanktem7 the Minotaur Berserker began the quest for the
                  | Orb.
     0 | D:1      | Reached XP level 1. HP: 19/19 MP: 0/0
   341 | D:1      | Reached XP level 2. HP: 12/27 MP: 1/1
   571 | D:1      | Reached skill level 4 in Long Blades
  1190 | D:2      | Reached XP level 3. HP: 30/33 MP: 2/2
  1350 | D:2      | Found a faded altar of an unknown god.
  1986 | D:3      | Reached ** piety under Trog
  2060 | D:3      | Reached XP level 4. HP: 37/41 MP: 3/3
  2182 | D:3      | Reached skill level 5 in Long Blades
  2412 | D:3      | Found a sparkling altar of Nemelex Xobeh.
  2734 | D:3      | Slain by an iguana

Illustrated notes

Levels and vault maps discovered:
D:1:      dpeg_arrival_brainrot, layout_basic, minivault_25
D:2:      layout_basic, basic_ecumenical_altar, minmay_misc_feat_tiny
D:3:      layout_basic, nemelex_altar_shiori, serial_rivers,
          chequers_serial_rivers_large_a, chequers_serial_rivers_room_b,
          chequers_serial_rivers_room_b, chequers_serial_rivers_marsh,
          chequers_serial_rivers_micro_c, minmay_unequal

Skill      XL: |  1  2  3  4 |
---------------+-------------+-----
Fighting       | 4 |  4.7
Long Blades    | 4 5 |  5.1
Armour         | 3 |  3.0
Dodging        | |  2.1

Action                   |  1- 3 |  4- 6 || total
-------------------------+-------+-------++-------
Melee: Falchion          |    84 |    17 ||   101
       Headbutt          |     8 |     2 ||    10
       Punch             |     2 |       ||     2
 Stab: Sleeping          |     1 |       ||     1
       Distracted        |     1 |       ||     1
Armor: Animal skin       |    11 |     3 ||    14
Dodge: Dodged            |    47 |     8 ||    55
